 Dungeon Crawl Stone Soup version 0.29.1-1-gd02db6906a (webtiles) character file.

Game seed: 4474551323883397635

95954 Zeld the Severer (level 15, -7/220 HPs)
             Began as a Minotaur Berserker on Oct 7, 2022.
             Was a High Priest of Trog.
             Mangled by an orc warrior
             ... wielding a +0 dire flail
             ... led by an orc warlord
              (14 damage)
             ... on level 1 of the Orcish Mines.
             The game lasted 00:34:37 (30721 turns).

Zeld the Severer (Minotaur Berserker)              Turns: 30721, Time: 00:34:37

Health: -7/220     AC: 31    Str: 27    XL:     15   Next: 67%
Magic:  14/14      EV: 10    Int:  4    God:    Trog [*****.]
Gold:   5790       SH: 18    Dex: 12    Spells: 14/14 levels left

rFire   + . .      SeeInvis .   a - +7 broad axe (vorpal)
rCold   + . .      Faith    .   R - +8 tower shield
rNeg    . . .      Spirit   .   j - +18 Lear's hauberk
rPois   .          Reflect  .   (helmet currently unavailable)
rElec   .          Harm     .   W - scarf {+Inv}
rCorr   .          Rampage  .   (gloves currently unavailable)
Will    +....                   (boots currently unavailable)
Stlth   ..........              (no amulet)
HPRegen 0.46/turn               f - ring of protection from cold
MPRegen 0.14/turn               Q - ring of protection from fire

@: berserking, about to teleport, studying Armour, very quick
A: horns 2, retaliatory headbutt
a: Renounce Religion, Evoke Invisibility, Berserk, Trog's Hand, Brothers in Arms


You were on level 1 of the Orcish Mines.
You worshipped Trog.
Trog was extremely pleased with you.
You visited 4 branches of the dungeon, and saw 23 of its levels.
You also visited: Sewer, Ossuary, Bailey, Gauntlet and Ice Cave.

You collected 5790 gold pieces.

Inventory:

Hand Weapons
 a - a +7 vorpal broad axe (weapon)
 b - a +0 broad axe of draining
Missiles
 u - 23 poisoned darts (quivered)
 F - 17 boomerangs
 L - a boomerang of dispersal
 P - 10 javelins
 U - 8 silver javelins
Armour
 j - the +18 Lear's hauberk (worn)
   (You found it on level 2 of the Dungeon)
 r - a +2 hat of stealth
 v - a +1 kite shield of poison resistance
 N - a +0 pair of boots
 O - a +0 plate armour
 R - a +8 tower shield (worn)
 W - a scarf of invisibility (worn)
Jewellery
 f - a ring of protection from cold (left hand)
 s - a ring of flight
 A - the ring of Zyuzia {rC+ rN+ rCorr Slay+2}
   (You found it in a Gauntlet)

   [ring of protection from cold]

   Slay:      It affects your accuracy & damage with ranged weapons and melee
   (+2).
   rC:        It protects you from cold.
   rN:        It protects you from negative energy.
   rCorr:     It protects you from acid and corrosion.
 B - the amulet "Jest" {Faith *Corrode rElec Str+2 Int+8 Dex+3}
   (You found it in a Gauntlet)

   [amulet of faith]

   It allows you to gain divine favour quickly.
   Str:       It affects your strength (+2).
   Int:       It affects your intelligence (+8).
   Dex:       It affects your dexterity (+3).
   rElec:     It insulates you from electricity.
   *Corrode:  It may corrode you when you take damage.
 Q - a ring of protection from fire (right hand)
 T - an amulet of faith
 X - a +6 ring of strength
Wands
 d - a wand of polymorph (6)
 w - a wand of digging (11)
 y - a wand of light (27)
 z - a wand of mindburst (21)
 E - a wand of flame (26)
 K - a wand of iceblast (18)
 V - a wand of charming (9)
Scrolls
 g - 10 scrolls of magic mapping
 h - 6 scrolls of fear
 i - 3 scrolls of poison
 k - 2 scrolls of silence
 p - 4 scrolls of fog
 q - 2 scrolls of summoning
 x - 11 scrolls of teleportation
 D - a scroll of enchant armour
Potions
 c - a potion of berserk rage
 e - 8 potions of heal wounds
 l - 2 potions of resistance
 n - 6 potions of cancellation
 o - 8 potions of curing
 t - 2 potions of magic
 C - 3 potions of ambrosia {unknown}
 G - 3 potions of invisibility {unknown}
 H - 3 potions of mutation {unknown}
 I - 2 potions of flight {unknown}
 J - 5 potions of might {unknown}
 M - 5 potions of haste {unknown}
Miscellaneous
 m - a condenser vane
 S - a box of beasts


   Skills:
 * Level 17.2 Fighting
 - Level 18.0 Axes
 + Level 2.2 Throwing
 - Level 15.0 Armour
 + Level 14.5 Dodging
 * Level 7.3 Evocations


You had 14 spell levels left.
You didn't know any spells.
Your spell library was empty.

Dungeon Overview and Level Annotations

Branches:
Dungeon (15/15)            Temple (1/1) D:7            Lair (5/5) D:10
  Swamp (0/4) Lair:3       Spider (0/4) Lair:3        Slime (0/5) Lair:4
    Orc (2/2) D:11            Elf (0/3) Orc:2        Vaults (0/5) D:14
 Depths (0/4) D:15          Sewer (visited)         Ossuary (visited)
 Bailey (visited)           IceCv (visited)         Gauntlet (visited)

Altars:
Ashenzari
Cheibriados
Dithmenos
Elyvilon
Fedhas
Gozag
Hepliaklqana
Kikubaaqudgha
Makhleb
Nemelex Xobeh
Okawaru
Qazlal
Ru
Sif Muna
Trog
Uskayaw
Vehumet
Wu Jian
Xom
Yredelemnul
Zin
The Shining One

Annotations:
D:4 4 runed translucent doors, Crazy Yiuf; LustLizard's ghost, amateur DsFi
D:6 1 runed translucent door, tardwrangler69's ghost, novice OpEE


Innate Abilities, Weirdness & Mutations

You have a pair of horns on your head.
You reflexively headbutt those who attack you in melee.


Message History

* * * LOW HITPOINT WARNING * * *
The ettin hits you with a +0 dire flail!
* * * LOW HITPOINT WARNING * * *
The warg barely misses you. You furiously retaliate!
You headbutt the warg. You block the warg's attack.
Unknown command.
A red film seems to cover your vision as you go berserk!
You feel yourself moving faster!
You feel mighty! You block the warg's attack.
The ogre hits you with a +0 giant spiked club!
* * * LOW HITPOINT WARNING * * *
You block the orc warrior's attack.
An orc comes into view. It is wielding a +0 short sword.
You block the orc's attack. The orc warrior barely misses you.
The orc warrior hits you with a +0 battleaxe.
* * * LOW HITPOINT WARNING * * *
The orc warrior hits you from afar with a +0 trident!
* * * LOW HITPOINT WARNING * * *
The ettin hits you but does no damage.
The ettin hits you with a +0 dire flail!
* * * LOW HITPOINT WARNING * * *
The warg bites you.
* * * LOW HITPOINT WARNING * * *
The warg bites you but does no damage.
The orc shouts!
You slash the orc warrior!
The orc warrior is heavily wounded.
You slash the orc!
You kill the orc!
Trog accepts your kill.
You closely miss the orc knight. You slice the orc warrior!!
You slice the ettin!! You slice the ogre!!
You kill the ogre!
Trog accepts your kill.
You slice the warg!! You slash the warg! You block the orc's attack.
The warg barely misses you. You furiously retaliate!
You headbutt the warg. The orc warrior completely misses you.
The orc warrior hits you from afar with a +0 vampiric trident!
* * * LOW HITPOINT WARNING * * *
The orc warrior hits you with a +0 dire flail!
You die...

.#......... ##
#..o.......
##.##....o.....
#.............#
.#.....o.......
......o.oo.....
.....ooCho.....
.....oo@oC...#
......ooho.....
.#.#.oo.#o.....
....$#.......
....... . .....
....... .......
....... .. ....
...##.. #......
### ##.#


You could see an orc warlord, an orc knight (strong), an ettin, a cyclops, 2
wargs, 7 orc warriors and 9 orcs.

Vanquished Creatures
  Gastronok (D:12)
  2 frost giants
  Nessos (Lair:4)
  A minotaur (Gauntlet)
  Azrael (D:14)
  4 boulder beetles
  2 vault guards (D:14)
  6 centaur warriors
  5 hydras
  A hell beast (Gauntlet)
  5 two-headed ogres
  An ogre mage (Orc:2)
  2 tengu warriors (D:15)
  A deep troll earth mage (D:13)
  6 death yaks (Lair:5)
  A goliath frog (Lair:5)
  An orb spider (Lair:3)
  2 wizards (D:15)
  2 deep elf pyromancers
  6 cyclopes
  2 orc knights
  3 ugly things
  3 manticores
  An orc sorcerer (Bailey)
  5 elephants (Lair:3)
  2 ice statues (IceCv)
  A torpor snail (Lair:4)
  6 black mambas
  6 rime drakes
  An eye of devastation (shapeshifter) (D:14)
  2 gargoyles
  A water nymph (shapeshifter) (D:9)
  9 komodo dragons
  2 kobold demonologists (D:11)
  4 unseen horrors
  21 cane toads
  A freezing wraith (D:15)
  A yaktaur (D:13)
  4 trolls
  2 hornets
  A polar bear (Lair:3)
  2 meliai (D:13)
  21 blink frogs
  8 dream sheep (Lair:5)
  3 tyrant leeches
  A raiju (Gauntlet)
  6 slime creatures
  5 centaur simulacra
  A spriggan (shapeshifter) (D:13)
  49 yaks
  A vampire (D:12)
  4 wraiths
  3 wyverns
  4 fire elementals (D:14)
  A fire bat (shapeshifter) (D:13)
  6 basilisks
  A steam dragon (D:9)
  9 humans (D:14)
  23 vampire mosquitoes
  2 wargs
  Menkaure (D:4)
  An acid dragon (D:10)
  5 hell hounds
  12 water moccasins
  28 orc warriors
  2 sky beasts
  A meliai simulacrum (Gauntlet)
  9 ogres
  4 ice beasts
  21 wolves
  6 centaurs
  3 kobold brigands
  A gnoll sergeant (D:10)
  20 bullfrogs
  8 scorpions
  2 cane toad simulacra (IceCv)
  12 wights
  A hornet simulacrum (Gauntlet)
  An elephant simulacrum (IceCv)
  14 killer bees
  6 electric eels
  3 howler monkeys
  5 hounds
  5 human zombies (Ossuary)
  A centaur zombie (Ossuary)
  15 orc priests
  6 jellies
  4 iguanas
  3 iron imps (D:9)
  6 scorpion zombies (Ossuary)
  16 orc wizards
  A hell rat (D:15)
  A polar bear simulacrum (IceCv)
  2 lightning spires (Gauntlet)
  3 mummies (Ossuary)
  17 gnolls
  13 adders
  2 river rats (Sewer)
  2 shadow imps (D:6)
  A white imp (D:6)
  An ufetubus (D:6)
  3 worms (Sewer)
  3 dart slugs
  83 orcs
  7 ball pythons
  6 bats
  11 endoplasms
  3 giant cockroaches
  3 gnoll zombies (Ossuary)
  17 goblins
  13 hobgoblins
  4 jackals (D:4)
  20 kobolds
  A quokka (D:5)
  6 frilled lizards
  2 goblin zombies
  3 hobgoblin zombies (Ossuary)
  2 kobold zombies (Ossuary)
  A quokka zombie (D:7)
  10 rats
742 creatures vanquished.

Vanquished Creatures (collateral kills)
  Louise (D:15)
  An orc warlord (Orc:2)
  2 hydras
  A tengu warrior (D:15)
  A cyclops (D:11)
  A slime creature (D:11)
  A gargoyle (D:12)
  2 rime drakes (D:15)
  A kobold demonologist (Bailey)
  A tengu conjurer (D:15)
  3 wyverns (D:15)
  A basilisk (D:15)
  2 hell hounds (D:15)
  An orc warrior (Orc:2)
  2 ogres (Orc:2)
  2 orc wizards (Orc:2)
  A hell rat (D:15)
  An orc (Orc:2)
25 creatures vanquished.

Vanquished Creatures (others)
  A vault guard (D:14)
  An orc wizard (D:7)
  A gnoll (Bailey)
  41 fungi
  158 plants
  24 withered plants (Gauntlet)
226 creatures vanquished.

Grand Total: 993 creatures vanquished

Notes
Turn   | Place    | Note
-------+----------+-------------------------------------------
     0 | D:1      | Zeld the Minotaur Berserker began the quest for the Orb.
     0 | D:1      | Reached XP level 1. HP: 19/19 MP: 0/0
   196 | D:1      | Found a faded altar of an unknown god.
   351 | D:1      | Reached XP level 2. HP: 27/27 MP: 1/1
   380 | D:1      | Reached skill level 4 in Axes
   769 | D:1      | Reached XP level 3. HP: 30/33 MP: 2/2
  1284 | D:2      | Found the +18 Lear's hauberk
  1508 | D:2      | Reached XP level 4. HP: 30/40 MP: 3/3
  1508 | D:2      | Reached ** piety under Trog
  1889 | D:2      | Found a shimmering altar of Xom.
  2090 | D:3      | Reached skill level 5 in Axes
  2375 | D:3      | Found a glowing drain.
  2384 | Sewer    | Entered a sewer
  2391 | Sewer    | Reached XP level 5. HP: 47/47 MP: 4/4
  2551 | Sewer    | Reached *** piety under Trog
  3020 | D:4      | Noticed Menkaure
  3022 | D:4      | Reached XP level 6. HP: 55/55 MP: 5/5
  3103 | D:4      | Killed Menkaure
  3104 | D:4      | Reached skill level 5 in Fighting
  3104 | D:4      | Reached skill level 6 in Axes
  3401 | D:4      | Found a runed translucent door.
  3402 | D:4      | Noticed Crazy Yiuf
  3426 | D:4      | Identified the +3 pair of gloves of Kindness {Fly rC+
                  | Str+4}
  3615 | D:4      | Found a runed translucent gate.
  3615 | D:4      | Found a runed translucent gate.
  3617 | D:4      | Found a runed translucent gate.
  3617 | D:4      | Noticed LustLizard's ghost (amateur DsFi)
  3996 | D:5      | Entered Level 5 of the Dungeon
  4012 | D:5      | Noticed an ice beast
  4022 | D:5      | Killed an ice beast
  4023 | D:5      | Reached XP level 7. HP: 61/61 MP: 6/6
  4237 | D:5      | Reached skill level 7 in Axes
  4350 | D:5      | Reached skill level 5 in Armour
  5005 | D:6      | Found a runed translucent door.
  5005 | D:6      | Found a shimmering altar of Xom.
  5005 | D:6      | Noticed tardwrangler69's ghost (novice OpEE)
  5008 | D:6      | Reached **** piety under Trog
  5012 | D:6      | Noticed a +1 rapier of chaos
  5099 | D:6      | Found a bloodstained altar of Trog.
  5106 | D:6      | Found a sparkling altar of Nemelex Xobeh.
  5252 | D:6      | Reached XP level 8. HP: 70/70 MP: 7/7
  5321 | D:6      | Reached skill level 8 in Axes
  5577 | D:6      | Reached skill level 5 in Dodging
  6182 | D:7      | Reached skill level 9 in Axes
  6199 | D:7      | Found a sand-covered staircase.
  6206 | Ossuary  | Entered an ossuary
  6409 | Ossuary  | Reached XP level 9. HP: 68/79 MP: 8/8
  6617 | Ossuary  | Reached skill level 10 in Axes
  6774 | D:7      | Found a flagged portal.
  6788 | Bailey   | Entered a bailey
  7690 | Bailey   | Found an iron altar of Okawaru.
  7693 | Bailey   | Noticed an orc sorcerer
  7720 | Bailey   | Killed an orc sorcerer
  7721 | Bailey   | Reached skill level 11 in Axes
  7735 | Bailey   | Noticed a kobold demonologist
  7741 | Bailey   | Killed a kobold demonologist
  7822 | Bailey   | Acquired 1204 gold pieces
  7823 | Bailey   | Acquired 903 gold pieces
  8005 | Bailey   | Reached XP level 10. HP: 79/90 MP: 9/9
  8720 | D:7      | Reached ***** piety under Trog
  8958 | D:7      | Found a staircase to the Ecumenical Temple.
  8967 | Temple   | Entered the Ecumenical Temple
  9077 | D:7      | Found a shimmering blue altar of Sif Muna.
  9612 | D:8      | Reached skill level 12 in Axes
 10300 | D:9      | Noticed a sea snake
 10406 | D:8      | Reached skill level 13 in Axes
 10662 | D:9      | Noticed a centaur warrior
 10665 | D:9      | Noticed a two-headed ogre
 10675 | D:9      | Killed a centaur warrior
 10676 | D:9      | Reached XP level 11. HP: 88/99 MP: 10/10
 10679 | D:9      | Killed a two-headed ogre
 10680 | D:9      | Reached skill level 10 in Fighting
 10962 | D:9      | Found a broken altar of Ashenzari.
 10964 | D:9      | Found an ancient bone altar of Kikubaaqudgha.
 11382 | D:9      | Reached skill level 14 in Axes
 11382 | D:9      | Reached skill level 10 in Armour
 11638 | D:9      | Found a burning altar of Makhleb.
 11760 | D:10     | Entered Level 10 of the Dungeon
 11778 | D:10     | Found a hide-covered altar of Uskayaw.
 11969 | D:10     | Found a staircase to the Lair.
 11990 | D:10     | Found a glowing silver altar of Zin.
 12060 | D:10     | Found a hazy altar of Hepliaklqana.
 12387 | D:10     | Found a shadowy altar of Dithmenos.
 13032 | D:11     | Reached skill level 15 in Axes
 13065 | D:11     | Reached XP level 12. HP: 69/110 MP: 11/11
 13357 | D:11     | Reached skill level 10 in Dodging
 13485 | D:11     | Noticed a four-headed hydra
 13494 | D:11     | Killed a nine-headed hydra
 13594 | D:11     | Received a gift from Trog
 13676 | D:11     | Identified the +8 trident of Reason {flame, Int+4 Dex+3}
 14017 | D:11     | Found a staircase to the Orcish Mines.
 14105 | D:12     | Noticed Gastronok
 14113 | D:12     | Killed Gastronok
 14352 | D:12     | Noticed a five-headed hydra
 14360 | D:12     | Killed a five-headed hydra
 14699 | D:12     | Reached skill level 16 in Axes
 15362 | D:13     | Noticed a centaur warrior
 15368 | D:13     | Killed a centaur warrior
 15663 | D:13     | Identified the +1 shortbow of the Original Sin {flame,
                  | SInv}
 15870 | D:13     | Noticed a boulder beetle
 15884 | D:13     | Killed a boulder beetle
 16117 | D:13     | Noticed a two-headed ogre
 16125 | D:13     | Killed a two-headed ogre
 16126 | D:13     | Reached XP level 13. HP: 116/119 MP: 12/12
 16157 | D:13     | Reached skill level 17 in Axes
 17125 | D:13     | Noticed a frost giant
 17135 | D:13     | Killed a frost giant
 17138 | D:13     | Identified the +1 robe of Xom's Whim {rF+++ rC+ Dex-5 SInv}
 17186 | D:13     | Identified the +4 glaive of Gluttony {drain, rF+ rC- rN+++
                  | Int+3}
 17593 | D:14     | Found a sparkling altar of Nemelex Xobeh.
 17854 | D:14     | Found a gate to the Vaults.
 17894 | D:14     | Identified the +2 plate armour of Conoom {rN+ Will+ Int-5
                  | Dex+3}
 18397 | D:14     | Reached skill level 18 in Axes
 18843 | D:14     | Noticed Azrael
 18862 | D:14     | Killed Azrael
 19178 | D:15     | Entered Level 15 of the Dungeon
 19233 | D:15     | Found a blossoming altar of Fedhas.
 19402 | D:15     | Reached ****** piety under Trog
 19438 | D:15     | Received a gift from Trog
 19451 | D:15     | Noticed Louise
 19463 | D:15     | Killed Louise
 19464 | D:15     | Reached XP level 14. HP: 110/132 MP: 13/13
 20471 | D:15     | Found a staircase to the Depths.
 20471 | D:15     | Noticed a frost giant
 20479 | D:15     | Killed a frost giant
 20915 | Lair:1   | Entered Level 1 of the Lair of Beasts
 21827 | Lair:2   | Reached skill level 1 in Evocations
 22594 | Lair:3   | Reached skill level 15 in Fighting
 23126 | Lair:3   | Found a staircase to the Swamp.
 23346 | Lair:3   | Found a hole to the Spider Nest.
 23767 | Lair:3   | Received a gift from Trog
 24307 | Lair:4   | Found a staircase to the Slime Pits.
 24822 | Lair:4   | Noticed Nessos
 24832 | Lair:4   | Killed Nessos
 25494 | Lair:5   | Entered Level 5 of the Lair of Beasts
 25503 | Lair:5   | Found a frozen archway.
 25532 | IceCv    | Entered an ice cave
 25745 | IceCv    | Found a transporter.
 25752 | IceCv    | Found a transporter.
 25868 | IceCv    | Reached skill level 15 in Armour
 26299 | Lair:5   | Reached XP level 15. HP: 59/106 MP: 14/14
 26308 | Lair:5   | Reached skill level 5 in Evocations
 27759 | Lair:5   | Acquired a manual of Armour
 27764 | Lair:5   | Acquired 937 gold pieces
 27768 | Lair:5   | Acquired 1079 gold pieces
 28045 | Lair:5   | Reached skill level 1 in Throwing
 28665 | Orc:1    | Entered Level 1 of the Orcish Mines
 28781 | Orc:2    | Entered Level 2 of the Orcish Mines
 28781 | Orc:2    | Noticed an orc warlord
 28787 | Orc:2    | Received a gift from Trog
 29178 | Orc:2    | Killed an orc warlord
 29188 | Orc:2    | Found a gate leading to a gauntlet.
 29198 | Orc:2    | Found a staircase to the Elven Halls.
 29200 | Gauntlet | Entered a Gauntlet
 29200 | Gauntlet | Found a transporter.
 29200 | Gauntlet | Found a transporter.
 29204 | Gauntlet | Found a transporter.
 29206 | Gauntlet | Found a transporter.
 29206 | Gauntlet | Found a large runed translucent door.
 29207 | Gauntlet | Found a large runed translucent door.
 29208 | Gauntlet | Found a large runed translucent door.
 29208 | Gauntlet | Found a large runed translucent door.
 29208 | Gauntlet | Found a runed translucent door.
 29209 | Gauntlet | Found a large runed translucent door.
 29210 | Gauntlet | Found a large runed translucent door.
 29211 | Gauntlet | Found a large runed translucent door.
 29211 | Gauntlet | Found a large runed translucent door.
 29212 | Gauntlet | Found a runed translucent gate.
 29214 | Gauntlet | Found a transporter.
 29224 | Gauntlet | Found a transporter.
 29224 | Gauntlet | Found a transporter.
 29248 | Gauntlet | Found a transporter.
 29250 | Gauntlet | Found a runed translucent gate.
 29250 | Gauntlet | Found a runed translucent gate.
 29252 | Gauntlet | Found a large runed translucent door.
 29253 | Gauntlet | Found a large runed translucent door.
 29255 | Gauntlet | Found a transporter.
 29267 | Gauntlet | Found a transporter.
 29274 | Gauntlet | Found a runed translucent door.
 29283 | Gauntlet | Found a large runed translucent door.
 29283 | Gauntlet | Found a large runed translucent door.
 29283 | Gauntlet | Found a large runed translucent door.
 29283 | Gauntlet | Found a large runed translucent door.
 29284 | Gauntlet | Found a large runed translucent door.
 29285 | Gauntlet | Found a transporter.
 29285 | Gauntlet | Found a large runed translucent door.
 29307 | Gauntlet | Found a transporter.
 29352 | Gauntlet | Found a transporter.
 29377 | Gauntlet | Found a transporter.
 29470 | Gauntlet | Found a transporter.
 29484 | Gauntlet | Found a transporter.
 30266 | Gauntlet | Identified the ring of Zyuzia {rC+ rN+ rCorr Slay+2}
 30586 | Gauntlet | Identified the amulet "Jest" {Faith *Corrode rElec Str+2
                  | Int+8 Dex+3}
 30706 | Orc:2    | Paralysed by an ogre mage for 3 turns
 30715 | Orc:1    | Noticed an orc warlord
 30721 | Orc:1    | HP: 7/220 [orc warrior/+0 vampiric trident[an orc warlord]
                  | (11)]
 30721 | Orc:1    | Mangled by an orc warrior

Illustrated notes

Levels and vault maps discovered:
D:1:      nagdon_arrival_double_spiral, layout_loops_corners,
          shapermc_ecumenical_altar_rom_forum
D:2:      layout_basic, basic_altar
D:3:      layout_basic, portal_sewer_entry_d, minmay_misc_feat_roman
D:4:      layout_loops_ring, gammafunk_ghost_nasty_kobolds, uniq_menkaure,
          uniq_crazy_yiuf_cottage
D:5:      layout_loops_cross
D:6:      layout_basic, mainiacjoe_overflow_large_starburst, ebering_ghost_xom
D:7:      layout_basic, lemuel_blue_sif_altar, minmay_temple_entry_wispy,
          enter_bailey_5, enter_ossuary_4
D:8:      layout_basic
D:9:      argonaut_augean_stables, layout_irregular_city, kennysheep_mini,
          demons_altar, mainiacjoe_overflow_small_starburst, kb_rosetta
D:10:     layout_stronghold, mainiacjoe_overflow_24_doors, zin_academy,
          old_standard_altar, nicolae_hepliaklqana_hippocampus,
          dpeg_oklobed_lair, serial_column_ruins, column_ruins_circle_large,
          column_ruins_hut, column_ruins_open_large, column_ruins_open_tiny,
          column_ruins_grid_4, column_ruins_open_tiny, column_ruins_open_tiny,
          column_ruins_open_small
D:11:     layout_loops_ring, hiddenorc1_lemuel
D:12:     layout_irregular_city, uniq_gastronok
D:13:     minmay_sliced_demisemicircle, layout_basic, eino_jars
D:14:     layout_long_grid, ximxim_vaults_locker_room,
          amcnicky_mini_rare_corridor_liquid, nemelex_spade_bored_becter,
          uniq_azrael
D:15:     grunt_enter_depths_snipers, layout_basic, special_room
          [special_room_mythical_zoo], fedhas_altar_3, uniq_louise
Temple:   hellmonk_temple_two_chambers
Lair:1:   layout_loops_ring, grunt_megastairs_1, serial_bayou_shore_b
Lair:2:   layout_roguey, serial_bayou_crossing, infiniplex_staircase_pool_2,
          lemuel_fruit_fields, serial_bayou_shore_b
Lair:3:   layout_roguey, minmay_swamp_entry_worms,
          nicolae_spider_entry_orb_guardian, chequers_serial_rivers_micro_e,
          grunt_megastairs_3
Lair:4:   layout_cellular_growth, nicolae_slime_entry_slimehenge,
          lemuel_fruit_tree, uniq_nessos
Lair:5:   minmay_lair_end_frog_pond, layout_small_grid,
          portal_ice_cave_entry_pillars_2, serial_bayou_lagoon_a
Orc:1:    layout_caves, mines2_david
Orc:2:    st_orc_ogre_mass, layout_caves, gauntlet_entry_generic,
          ebering_ghost_rock_garden, mines1_david

Skill      XL: |  1  2  3  4  5  6  7  8  9 10 11 12 13 14 15 |
---------------+----------------------------------------------+-----
Axes           | 4 5 6 7 9 11 13 15 16 18 | 18.0
Fighting       | 4 5 6 7 8 9 11 12 14 15 17 | 17.2
Armour         | 3 4 5 6 8 9 10 12 13 15 | 15.0
Dodging        | 3 4 6 7 8 9 11 12 13 14 | 14.5
Evocations     | 4 7 |  7.3
Throwing       | 2 |  2.2

Action                   |  1- 3 |  4- 6 |  7- 9 | 10-12 | 13-15 || total
-------------------------+-------+-------+-------+-------+-------++-------
Melee: Hand axe          |    62 |    20 |    96 |    19 |       ||   197
       Headbutt          |     8 |    20 |    60 |    80 |   165 ||   333
       Punch             |     1 |     1 |     5 |     1 |       ||     8
       War axe           |       |   131 |   229 |       |       ||   360
       Broad axe         |       |       |       |   428 |   830 ||  1258
Throw: Dart              |       |       |       |       |     8 ||     8
Invok: Berserk           |       |       |     1 |     2 |     8 ||    11
       Brothers in Arms  |       |       |     1 |     2 |     3 ||     6
       Trog's Hand       |       |       |       |       |     2 ||     2
 Abil: Evoke Invisibilit |       |       |       |       |     2 ||     2
Evoke: Wand              |       |       |       |       |     3 ||     3
  Use: Scroll            |       |       |    10 |    18 |    25 ||    53
 Stab: Sleeping          |     1 |       |       |       |       ||     1
       Invisible         |       |       |       |       |     1 ||     1
Armor: Animal skin       |    14 |       |       |       |       ||    14
       Chain mail        |    12 |   106 |   226 |   339 |   499 ||  1182
Dodge: Dodged            |    52 |    70 |   152 |   249 |   320 ||   843
Block: Tower shield      |       |       |       |       |   646 ||   646
       Kite shield       |       |       |       |       |    46 ||    46
